 Dungeon Crawl Stone Soup version 0.28.0 (webtiles) character file.

Game seed: 16291173910944127432

55 Steelback the Ruffian (level 3, 0/28 HPs)
             Began as a Draconian Transmuter on Feb 14, 2022.
             Succumbed to an adder's poison
             ... on level 1 of the Dungeon.
             The game lasted 00:02:05 (1500 turns).

Steelback the Ruffian (Draconian Transmuter)        Turns: 1500, Time: 00:02:05

Health: 0/28       AC:  5    Str: 14    XL:     3   Next: 67%
Magic:  6/6        EV: 12    Int: 13    God:
Gold:   17         SH:  0    Dex: 11    Spells: 6/7 levels left

rFire   . . .      SeeInvis .     - Unarmed
rCold   . . .      Faith    .   (no shield)
rNeg    . . .      Spirit   .   (armour unavailable)
rPois   .          Reflect  .   (helmet restricted)
rElec   .          Harm     .   (no cloak)
rCorr   .          Rampage  .   (no gloves)
Will    .....                   (no boots)
Stlth   +.........              (no amulet)
HPRegen 0.09/turn               (no ring)
MPRegen 0.10/turn               (no ring)

@: lethally poisoned (0 -> -4)
A: AC +5, unfitting armour, cold-blooded
a: no special abilities


You were on level 1 of the Dungeon.
You visited 1 branch of the dungeon, and saw 2 of its levels.

You collected 17 gold pieces.

Inventory:

Scrolls
 a - a scroll of identify
 c - a scroll of enchant armour
 d - a scroll of immolation {unknown}
Potions
 b - a potion of degeneration {unknown}


   Skills:
 + Level 1.1 Fighting
 + Level 2.3 Dodging
 + Level 0.1 Stealth
 + Level 3.3 Unarmed Combat
 + Level 2.6 Spellcasting
 + Level 2.6 Transmutations


You had 6 spell levels left.
You knew the following spells:

 Your Spells              Type           Power      Damage    Failure   Level
a - Beastly Appendage     Tmut           16%        N/A       9%          1

Your spell library contained the following spells:

 Spells                   Type           Power      Damage    Failure   Level
 Wereblood                Tmut           8%         N/A       12%         2
 Magic Dart               Conj           4%         1d3       24%         1
 Call Imp                 Summ           1%         N/A       36%         2
 Spider Form              Tmut/Pois      5%         N/A       38%         3
 Mephitic Cloud           Conj/Pois/Air  1%         N/A       58%         3
 Stone Arrow              Conj/Erth      2%         3d7       58%         3
 Ice Form                 Ice/Tmut       5%         N/A       80%         4
 Lehudib's Crystal Spear  Conj/Erth      0%         10d2      100%        8
 Animate Armour           Summ/Erth      Unusable   N/A       N/A         4

Dungeon Overview and Level Annotations

Branches:
Dungeon (2/15)

Altars:


Innate Abilities, Weirdness & Mutations

Your plain brown scales are hard. (AC +5)
You cannot fit into any form of body armour.
You are cold-blooded and may be slowed by cold attacks.


Message History

Your transformation is almost over.
You feel sick. The adder closely misses you.
There is a stone staircase leading up here.
Magic restored.
You feel sick. The adder bites you but does no damage.
The adder barely misses you.
You climb upwards.
You feel sick.
There is a stone staircase leading down here.
You hit the adder. You claw the adder.
You kill the adder!
You feel sick. The adder bites you.
You are more poisoned.
The adder poisons you!
You feel sick. The adder bites you.
You are lethally poisoned!
The adder poisons you!
You hit the adder. Your kick misses the adder. Your headbutt misses the adder.
The adder is lightly wounded.
* * * LOW HITPOINT WARNING * * *
You feel very sick. The adder bites you but does no damage.
You hit the adder.
Your tail-slap misses the adder.
The adder is moderately wounded.
* * * LOW HITPOINT WARNING * * *
You feel sick. The adder closely misses you.
You barely miss the adder. Your kick misses the adder.
The adder is moderately wounded.
* * * LOW HITPOINT WARNING * * *
You feel sick. The adder bites you but does no damage.
The adder closely misses you.
You closely miss the adder. Your kick misses the adder.
Your headbutt misses the adder.
The adder is moderately wounded.
* * * LOW HITPOINT WARNING * * *
You feel sick. The adder closely misses you.
You hit the adder. You claw the adder.
You kill the adder!
Your horns disappear.
Your talons disappear.
* * * LOW HITPOINT WARNING * * *
You feel sick.
You die...

#..# ######.........##
#..# ##......### #..#
#...#### ## #..#####
#.####≈≈##≈### #......#
#####.# #≈≈≈≈≈. ##...#.#
#.....# ###≈≈≈. ###.#.#
#.###.# ###≈≈ #.#.# #.#
#.# ### ##.#.####@# #.#
### #.......#.# #.# #..
#..#.##.#.###.# #..
#..#.##.[>.##.##########.#
#..>........#............#
#.##.#......#≈≈≈≈#######.#
#.#.......≈≈≈≈≈≈≈≈≈# #.#
#.........≈≈≈≈≈≈≈≈≈## #.#
#......##≈≈≈≈≈≈≈≈≈≈≈####.#


There were no monsters in sight!

Vanquished Creatures
  2 adders (D:1)
  2 ball pythons (D:1)
  3 bats (D:1)
  2 endoplasms (D:1)
  A giant cockroach (D:1)
  4 hobgoblins (D:1)
  4 jackals (D:1)
  A quokka (D:1)
  2 frilled lizards (D:1)
  7 goblins (D:1)
  3 kobolds (D:1)
  A rat (D:1)
32 creatures vanquished.

Vanquished Creatures (others)
  A plant (D:1)
1 creature vanquished.

Grand Total: 33 creatures vanquished

Notes
Turn   | Place    | Note
-------+----------+-------------------------------------------
     0 | D:1      | Steelback the Draconian Transmuter began the quest for the
                  | Orb.
     0 | D:1      | Reached XP level 1. HP: 16/16 MP: 3/3
   201 | D:1      | Reached XP level 2. HP: 15/23 MP: 3/5
   753 | D:1      | Found a faded altar of an unknown god.
   873 | D:1      | Reached XP level 3. HP: 28/28 MP: 4/6
  1499 | D:1      | HP: 1/28 [poisoned by an adder]
  1500 | D:1      | Succumbed to an adder's poison

Illustrated notes

Levels and vault maps discovered:
D:1:      dpeg_cavernosity, layout_loops_ring, nicolae_ecumenical_lake_church,
          serial_bayou_crossing
D:2:      minmay_chambers_of_twos, layout_rooms, basic_altar,
          lightli_corner_chamber

Skill      XL: |  1  2 |
---------------+-------+-----
Dodging        | 2 |  2.3
Fighting       | |  1.1
Stealth        | |  0.1
Unarmed Combat | |  3.3
Spellcasting   | |  2.6
Transmutations | |  2.6

Action                   || total
-------------------------++-------
Melee: Unarmed           ||    99
       Kick              ||    21
       Headbutt          ||     5
       Tailslap          ||     5
 Cast: Beastly Appendage ||    19
  Use: Scroll            ||     1
 Stab: Sleeping          ||     1
Armor: Skin              ||    37
Dodge: Dodged            ||    56
